Map: [ESL] Hecate

Players

DnS - Winner!

  • Race: Protoss Protoss
  • Spawn Location: 1:00

goblin

  • Race: Protoss Protoss
  • Spawn Location: 7:00

Event: ESL SC2 Masters 2023 Winter (Regional)

VOD

Have the link to the VOD?

Description

Time

  • Played on: Oct. 27, 2023, 12:09 p.m.
  • Length: 10:15

All games in this series

Show
View Real Time Build Order
Export as new Build Order

DnS Protoss - Winner!

Build Orders:  

Get SALT Encoding   

  12  0:00  Probe  
  13  0:12  Probe  
  14  0:17  Pylon  
  14  0:24  Probe (Chrono Boost)  
  16  0:36  Probe (Chrono Boost), Gateway  
  16  0:43  Probe (Chrono Boost)  
  16  0:46  Assimilator  
  17  0:51  Probe  
  17  0:54  Assimilator  
  18  1:03  Probe (Chrono Boost)  
  19  1:06  Gateway  
  19  1:13  Probe (Chrono Boost)  
  19  1:17  Probe (Chrono Boost)  
  20  1:24  Cybernetics Core  
  21  1:29  Probe  
  22  1:35  Pylon  
  22  1:41  Probe  
  23  1:53  Probe  
  24  2:00  Stalker x2  
  24  2:01  Warp Gate  
  28  2:07  Probe  
  29  2:11  Pylon  
  29  2:30  Stalker x2  
  33  2:53  Robotics Facility  
  33  3:01  Sentry  
  35  3:06  Shield Battery  
  35  3:08  Pylon  
  33  3:27  Gateway  
  33  3:36  Warp Prism (Chrono Boost)  
  35  3:43  Pylon  
  35  3:44  Probe  
  36  3:51  Stalker, Sentry  
  40  3:56  Probe  
  41  4:03  Immortal (Chrono Boost)  
  41  4:09  Pylon  
  46  4:10  Probe  
  46  4:22  Adept x2  
  50  4:28  Sentry  
  50  4:31  Probe  
  53  4:39  Observer  
  53  4:43  Probe  
  53  4:44  Pylon  
  55  5:07  Probe, Immortal (Chrono Boost)  
  60  5:19  Probe  
  59  5:24  Adept  
  59  5:25  Adept  
  62  5:31  Stargate  
  61  5:36  Probe  
  61  5:37  Observer  
  63  5:45  Nexus  
  63  5:48  Pylon  
  63  5:56  Probe  
  64  5:59  Twilight Council  
  64  6:02  Stalker  
  66  6:16  Probe  
  67  6:28  Immortal  
  67  6:30  Probe  
  72  6:34  Blink (Chrono Boost)  
  72  6:40  Shield Battery  
  72  6:42  Probe  
  73  6:57  Stalker x2  
  73  6:59  Probe  
  72  7:02  Probe (Chrono Boost)  
  67  7:11  Probe (Chrono Boost)  
  69  7:20  Probe (Chrono Boost)  
  69  7:22  Probe (Chrono Boost)  
  70  7:26  Adept x2, Probe (Chrono Boost)  
  70  7:27  Probe (Chrono Boost)  
  76  7:34  Pylon  
  76  7:38  Probe  
  76  7:39  Probe  
  78  7:50  Probe  
  79  7:59  Probe  
  78  8:11  Nexus  
  76  8:18  Immortal  
  80  8:20  Pylon  
  80  8:22  Probe x2  
  80  8:25  Stalker  
  80  8:26  Stalker  
  86  8:28  Forge  
  86  8:34  Probe  
  87  8:37  Probe  
  87  8:38  Shield Battery  
  88  8:46  Probe  
  89  8:49  Assimilator, Probe  
  89  8:51  Pylon  
  89  8:52  Observer  
  89  8:55  Gateway  
  90  8:59  Probe  
  90  9:00  Pylon  
  91  9:04  Sentry  
  91  9:05  Sentry  
  95  9:17  Probe x2  
  97  9:22  Gateway  
  97  9:27  Observer  
  97  9:29  Probe  
  99  9:34  Probe  
  100  9:41  Probe  
  101  9:51  Stalker x3  
  103  9:56  Probe  
  103  9:58  Probe  
  82  10:14  Gateway  
Show
View Real Time Build Order
Export as new Build Order

goblin Protoss 

Build Orders:  

Get SALT Encoding   

  12  0:00  Probe  
  13  0:12  Probe  
  14  0:17  Pylon  
  14  0:24  Probe (Chrono Boost)  
  16  0:36  Probe (Chrono Boost)  
  16  0:38  Gateway  
  16  0:43  Probe (Chrono Boost)  
  16  0:45  Assimilator  
  17  0:51  Probe  
  17  0:53  Assimilator  
  18  1:03  Probe (Chrono Boost)  
  19  1:08  Gateway  
  19  1:13  Probe (Chrono Boost)  
  20  1:22  Probe  
  20  1:25  Cybernetics Core  
  21  1:32  Pylon  
  21  1:34  Probe  
  22  1:46  Probe  
  24  2:02  Warp Gate, Stalker x2  
  27  2:09  Robotics Facility  
  27  2:17  Pylon  
  27  2:20  Probe  
  28  2:35  Stalker x2  
  32  2:56  Pylon, Immortal (Chrono Boost)  
  35  3:25  Shield Battery, Warp Prism (Chrono Boost)  
  37  3:51  Sentry x2  
  37  3:54  Observer  
  42  3:58  Pylon  
  42  4:06  Nexus  
  42  4:09  Probe  
  43  4:23  Immortal (Chrono Boost)  
  47  4:27  Probe  
  48  4:39  Probe  
  48  4:41  Sentry  
  48  4:42  Sentry  
  53  4:46  Pylon  
  52  5:03  Observer  
  52  5:06  Probe  
  50  5:10  Stalker x2  
  51  5:36  Probe  
  52  5:47  Observer  
  52  5:48  Probe (Chrono Boost)  
  53  5:55  Probe (Chrono Boost)  
  54  5:57  Shield Battery  
  54  6:00  Probe (Chrono Boost)  
  56  6:05  Probe (Chrono Boost)  
  56  6:08  Probe (Chrono Boost)  
  56  6:10  Probe (Chrono Boost)  
  57  6:17  Probe  
  58  6:19  Adept  
  58  6:20  Adept  
  62  6:27  Pylon  
  62  6:37  Gateway  
  62  6:45  Probe x2  
  62  6:57  Probe x2  
  62  6:59  Twilight Council  
  64  7:09  Probe (Chrono Boost)  
  64  7:11  Probe (Chrono Boost)  
  60  7:16  Stalker  
  60  7:17  Stalker  
  60  7:21  Probe (Chrono Boost)  
  66  7:27  Probe (Chrono Boost)  
  66  7:28  Probe (Chrono Boost)  
  67  7:31  Blink (Chrono Boost), Robotics Facility  
  67  7:34  Probe  
  67  7:35  Probe  
  69  7:40  Stalker  
  69  7:43  Pylon  
  69  7:46  Probe  
  70  7:58  Pylon  
  70  8:00  Assimilator  
  70  8:01  Probe  
  70  8:05  Probe  
  70  8:17  Probe  
  69  8:20  Observer  
  69  8:21  Stalker x3  
  76  8:28  Probe  
  76  8:29  Pylon, Probe  
  78  8:35  Nexus  
  78  8:36  Pylon  
  78  8:44  Probe  
  78  8:45  Probe  
  80  8:51  Dark Shrine  
  80  8:53  Stalker x3  
  86  9:01  Immortal  
  90  9:08  Probe x2  
  92  9:12  Shield Battery  
  92  9:15  Pylon  
  92  9:20  Probe  
  93  9:42  Stalker x3  
  100  9:47  Probe x2  
  72  10:11  Stalker x3  
Tags
 
Add a new tag
Caveats
  • Supply blocks, unpowered buildings, or Contaminate may cause inaccurate times.
  • Supply counts are checked every 10 seconds.